XFBL
TORONTO BLUE JAYS @ MILWAUKEE BREWERS
08/12/1982
 
TOP OF THE 1ST
Toronto Blue Jays batting - Pitching for Milwaukee Brewers : RHP Luis Lopez
Pitching: RHP Luis Lopez
Batting: SHB Harold Reynolds 0-0: Called Strike
0-1: Ball
1-1: Ball
2-1: Ball
3-1: Called Strike
3-2: Base on Balls
Batting: LHB Sheldon Mallory 0-0: SINGLE (Line Drive, 4M, EV 105.6 MPH)
Harold Reynolds to second
Runner from 2nd tries for 3rd, SAFE, throw by CF made to third
Batting: LHB Chad Daley 0-0: Ball
1-0: Ball
2-0: Ball
3-0: Base on Balls
Sheldon Mallory to second
Batting: LHB Eddie Milner 0-0: Grounds into fielders choice U2 (Groundball, 15S, EV 73.8 MPH)
Sheldon Mallory to third
Chad Daley to second
Batting: RHB Jose Gonzalez 0-0: Called Strike
0-1: Foul Ball, location: 2F
0-2: Foul Ball, location: 2F
0-2: Ball
1-2: Grounds into double play, 5-4-3 (Groundball, 25, EV 80.0 MPH)
Top of the 1st over - 0 runs, 1 hit, 0 errors, 2 left on base; Toronto 0 - Milwaukee 0
BOTTOM OF THE 1ST
Milwaukee Brewers batting - Pitching for Toronto Blue Jays : RHP Storm Davis
Pitching: RHP Storm Davis
Batting: LHB Von Hayes 0-0: Fly out, F6 (Popup, P, EV 84.4 MPH)
Batting: SHB Alfredo Griffin 0-0: Called Strike
0-1: Ball
1-1: Foul Ball, location: 2F
1-2: Ball
2-2: Strikes out looking
Batting: RHB Eric Davis 0-0: Called Strike
0-1: Ground out U3 (Groundball, 3S, EV 62.5 MPH)
Bottom of the 1st over - 0 runs, 0 hits, 0 errors, 0 left on base; Toronto 0 - Milwaukee 0
TOP OF THE 2ND
Toronto Blue Jays batting - Pitching for Milwaukee Brewers : RHP Luis Lopez
Batting: LHB Steve Stroughter 0-0: Ball
1-0: Swinging Strike
1-1: Ball
2-1: Ball
3-1: Called Strike
3-2: Base on Balls
Batting: RHB Chris Speier 0-0: Ball
1-0: Called Strike
1-1: Swinging Strike
1-2: Fly out, F8 (Flyball, 8RXD, EV 97.5 MPH)
Batting: LHB Brad Gulden 0-0: Ball
1-0: Ball
2-0: Foul Ball, location: 2F
2-1: Fly out, F8 (Flyball, 8LS, EV 70.6 MPH)
Batting: RHB Jose Carrillo 0-0: Foul Ball, location: 2F
0-1: Ball
1-1: Ball
2-1: Foul Ball, location: 2F
2-2: SINGLE (Groundball, 5S, EV 68.1 MPH) (infield hit)
Steve Stroughter to second
Batting: SHB Harold Reynolds 0-0: Ball
1-0: 3-RUN HOME RUN (Flyball, 9D, EV 91.3 MPH), Distance : 395 ft
Batting: LHB Sheldon Mallory 0-0: Ground out U3 (Groundball, 13, EV 86.3 MPH)
Top of the 2nd over - 3 runs, 2 hits, 0 errors, 0 left on base; Toronto 3 - Milwaukee 0
BOTTOM OF THE 2ND
Milwaukee Brewers batting - Pitching for Toronto Blue Jays : RHP Storm Davis
Batting: SHB Eddie Murray 0-0: Swinging Strike
0-1: Swinging Strike
0-2: Ball
1-2: Ball
2-2: Ball
3-2: Strikes out swinging
Batting: RHB Mike Schmidt 0-0: Ball
1-0: Ball
2-0: Called Strike
2-1: DOUBLE (Flyball, 9LD, EV 95.0 MPH)
Batting: RHB Ken Landreaux 0-0: Ball
1-0: Foul Ball, location: 2F
1-1: Ground out 4-3 (Groundball, 4, EV 90.0 MPH)
Mike Schmidt to third
Batting: RHB Kevin Buckley 0-0: Ball
1-0: Ball
2-0: Ball
3-0: Base on Balls
Batting: RHB Glenn Davis 0-0: Ball
1-0: SINGLE (Groundball, 6MS, EV 69.4 MPH) (infield hit)
Mike Schmidt scores
Kevin Buckley to second
Batting: RHB Pat Tabler 0-0: Ball
1-0: Foul Ball, location: 2F
1-1: Called Strike
1-2: Strikes out swinging
Bottom of the 2nd over - 1 run, 2 hits, 0 errors, 2 left on base; Toronto 3 - Milwaukee 1
TOP OF THE 3RD
Toronto Blue Jays batting - Pitching for Milwaukee Brewers : RHP Luis Lopez
Batting: LHB Chad Daley 0-0: Called Strike
0-1: Foul Ball, location: 2F
0-2: Fly out, F8 (Flyball, 8RM, EV 90.0 MPH)
Batting: LHB Eddie Milner 0-0: Ball
1-0: Foul Ball, location: 2F
1-1: Ground out 4-3 (Groundball, 4M, EV 90.0 MPH)
Batting: RHB Jose Gonzalez 0-0: Ball
1-0: Fly out, F4 (Popup, 4D, EV 44.4 MPH)
Top of the 3rd over - 0 runs, 0 hits, 0 errors, 0 left on base; Toronto 3 - Milwaukee 1
BOTTOM OF THE 3RD
Milwaukee Brewers batting - Pitching for Toronto Blue Jays : RHP Storm Davis
Batting: LHB Von Hayes 0-0: Ball
1-0: Swinging Strike
1-1: Ball
2-1: Ground out 4-3 (Groundball, 34D, EV 101.9 MPH)
Batting: SHB Alfredo Griffin 0-0: Called Strike
0-1: Ball
1-1: Foul Ball, location: 2F
1-2: Foul Ball, location: 2F
1-2: Strikes out swinging
Batting: RHB Eric Davis 0-0: Ball
1-0: Fly out, F8 (Flyball, 89M, EV 78.1 MPH)
Bottom of the 3rd over - 0 runs, 0 hits, 0 errors, 0 left on base; Toronto 3 - Milwaukee 1
TOP OF THE 4TH
Toronto Blue Jays batting - Pitching for Milwaukee Brewers : RHP Luis Lopez
Batting: LHB Steve Stroughter 0-0: Ball
1-0: Fly out, F8 (Flyball, 8LM, EV 94.4 MPH)
Batting: RHB Chris Speier 0-0: Foul Ball, location: 2F
0-1: Swinging Strike
0-2: Ball
1-2: Ground out 6-3 (Groundball, 6, EV 81.9 MPH)
Batting: LHB Brad Gulden 0-0: Foul Ball, location: 2F
0-1: Ball
1-1: Ball
2-1: Ball
3-1: Foul Ball, location: 2F
3-2: Foul Ball, location: 2F
3-2: Ground out 5-3 (Groundball, 56, EV 79.4 MPH)
Top of the 4th over - 0 runs, 0 hits, 0 errors, 0 left on base; Toronto 3 - Milwaukee 1
BOTTOM OF THE 4TH
Milwaukee Brewers batting - Pitching for Toronto Blue Jays : RHP Storm Davis
Batting: SHB Eddie Murray 0-0: Swinging Strike
0-1: Ball
1-1: Ball
2-1: Ball
3-1: Foul Ball, location: 2F
3-2: Strikes out looking
Batting: RHB Mike Schmidt 0-0: Ball
1-0: Called Strike
1-1: Ground out 6-3 (Groundball, 56D, EV 115.0 MPH)
Batting: RHB Ken Landreaux 0-0: Foul Ball, location: 2F
0-1: Ball
1-1: Foul Ball, location: 2F
1-2: Foul Ball, location: 2F
1-2: Ball
2-2: SINGLE (Line Drive, 78S, EV 103.8 MPH)
Batting: RHB Kevin Buckley 0-0: Swinging Strike
0-1: Ball
1-1: Called Strike
1-2: Ball
2-2: Strikes out swinging
Bottom of the 4th over - 0 runs, 1 hit, 0 errors, 1 left on base; Toronto 3 - Milwaukee 1
TOP OF THE 5TH
Toronto Blue Jays batting - Pitching for Milwaukee Brewers : RHP Luis Lopez
Batting: RHB Jose Carrillo 0-0: SINGLE (Groundball, P, EV 94.4 MPH) (infield hit)
Batting: SHB Harold Reynolds 0-0: Sac Bunt to P - play at first, batter OUT! 1-3
Jose Carrillo to second
Batting: LHB Sheldon Mallory 0-0: Called Strike
0-1: Ball
1-1: Ball
2-1: Ball
3-1: Ground out 4-3 (Groundball, 4M, EV 76.3 MPH)
Jose Carrillo to third
Batting: LHB Chad Daley 0-0: Ground out U3 (Groundball, 3, EV 87.5 MPH)
Top of the 5th over - 0 runs, 1 hit, 0 errors, 1 left on base; Toronto 3 - Milwaukee 1
BOTTOM OF THE 5TH
Milwaukee Brewers batting - Pitching for Toronto Blue Jays : RHP Storm Davis
Batting: RHB Glenn Davis 0-0: Foul Ball, location: 2F
0-1: Foul Ball, location: 2F
0-2: Fly out, F9 (Line Drive, 9, EV 95.6 MPH)
Batting: RHB Pat Tabler 0-0: Called Strike
0-1: Ball
1-1: Fly out, F9 (Flyball, 9LD, EV 101.9 MPH)
Batting: LHB Von Hayes 0-0: Ball
1-0: Swinging Strike
1-1: Foul Ball, location: 2F
1-2: Ball
2-2: Foul Ball, location: 2F
2-2: Fly out, F7 (Flyball, 7LS, EV 92.5 MPH)
Bottom of the 5th over - 0 runs, 0 hits, 0 errors, 0 left on base; Toronto 3 - Milwaukee 1
TOP OF THE 6TH
Toronto Blue Jays batting - Pitching for Milwaukee Brewers : RHP Luis Lopez
Batting: LHB Eddie Milner 0-0: Called Strike
0-1: Swinging Strike
0-2: Ball
1-2: Fly out, F4 (Popup, 4, EV 60.0 MPH)
Batting: RHB Jose Gonzalez 0-0: Fly out, F9 (Flyball, 9LS, EV 81.3 MPH)
Batting: LHB Steve Stroughter 0-0: Called Strike
0-1: Ground out 5-3 (Groundball, 56, EV 106.9 MPH)
Top of the 6th over - 0 runs, 0 hits, 0 errors, 0 left on base; Toronto 3 - Milwaukee 1
BOTTOM OF THE 6TH
Milwaukee Brewers batting - Pitching for Toronto Blue Jays : RHP Storm Davis
Batting: SHB Alfredo Griffin 0-0: Ground out 6-3 (Groundball, 6M, EV 94.4 MPH)
Batting: RHB Eric Davis 0-0: Called Strike
0-1: Ball
1-1: Ball
2-1: Reached on error, E6 (Groundball, 6, EV 85.0 MPH)
Batting: SHB Eddie Murray 0-0: Ball
1-0: Called Strike
Eric Davis steals 2nd base
1-1: SINGLE (Groundball, 4MD, EV 95.6 MPH)
Eric Davis to third
Runner from 3rd tries for Home, SAFE, throw by CF to home
Batting: RHB Mike Schmidt 0-0: Foul Ball, location: 2F
0-1: Called Strike
0-2: Strikes out looking
Batting: RHB Ken Landreaux 0-0: Ball
1-0: Called Strike
1-1: Foul Ball, location: 2F
1-2: Ball
2-2: Fly out, F8 (Line Drive, 8LD, EV 92.5 MPH)
Bottom of the 6th over - 1 run, 1 hit, 1 error, 1 left on base; Toronto 3 - Milwaukee 2
TOP OF THE 7TH
Toronto Blue Jays batting - Pitching for Milwaukee Brewers : RHP Luis Lopez
Batting: RHB Chris Speier 0-0: Called Strike
0-1: Ball
1-1: Ground out 4-3 (Groundball, 4M, EV 88.1 MPH)
Batting: LHB Brad Gulden 0-0: Ball
1-0: Called Strike
1-1: Ball
2-1: Ball
3-1: SINGLE (Line Drive, 8LS, EV 95.6 MPH)
Batting: RHB Jose Carrillo 0-0: Swinging Strike
0-1: Ball
1-1: Ball
2-1: Foul Ball, location: 2F
2-2: Ball
3-2: Strikes out swinging
Brad Gulden steals 2nd base
Batter strikes out.
Batting: SHB Harold Reynolds 0-0: Swinging Strike
0-1: SINGLE (Groundball, 3D, EV 100.0 MPH)
Brad Gulden to third
Runner from 3rd tries for Home, SAFE, throw by RF to home
Harold Reynolds to second
Batting: LHB Sheldon Mallory 0-0: Swinging Strike
0-1: Ball
1-1: Ball
2-1: 2-RUN HOME RUN (Flyball, 89XD, EV 101.9 MPH), Distance : 407 ft
Pitching: RHP Carlos Martinez
Batting: LHB Chad Daley 0-0: Ball
1-0: Called Strike
1-1: Ground out 4-3 (Groundball, 4M, EV 96.9 MPH)
Top of the 7th over - 3 runs, 3 hits, 0 errors, 0 left on base; Toronto 6 - Milwaukee 2
BOTTOM OF THE 7TH
Milwaukee Brewers batting - Pitching for Toronto Blue Jays : RHP Storm Davis
Batting: RHB Kevin Buckley 0-0: Called Strike
0-1: Called Strike
0-2: Strikes out swinging
Batting: RHB Glenn Davis 0-0: Ball
1-0: Ball
2-0: Ground out 4-3 (Groundball, 4, EV 86.3 MPH)
Batting: RHB Pat Tabler 0-0: Ball
1-0: Foul Ball, location: 2F
1-1: Swinging Strike
1-2: Ball
2-2: Strikes out swinging, 2-3 out at first.
Bottom of the 7th over - 0 runs, 0 hits, 0 errors, 0 left on base; Toronto 6 - Milwaukee 2
TOP OF THE 8TH
Toronto Blue Jays batting - Pitching for Milwaukee Brewers : RHP Carlos Martinez
Batting: LHB Eddie Milner 0-0: Swinging Strike
0-1: Ball
1-1: Called Strike
1-2: Strikes out swinging
Batting: RHB Jose Gonzalez 0-0: Ground out 1-3 (Groundball, 34S, EV 68.1 MPH)
Batting: LHB Steve Stroughter 0-0: Ball
1-0: Called Strike
1-1: Swinging Strike
1-2: Ball
2-2: Strikes out looking
Top of the 8th over - 0 runs, 0 hits, 0 errors, 0 left on base; Toronto 6 - Milwaukee 2
BOTTOM OF THE 8TH
Milwaukee Brewers batting - Pitching for Toronto Blue Jays : RHP Storm Davis
Batting: LHB Von Hayes 0-0: Foul Ball, location: 2F
0-1: Ground out 5-3 (Groundball, 56, EV 83.1 MPH)
Batting: SHB Alfredo Griffin 0-0: Ball
1-0: SINGLE (Groundball, 5S, EV 68.8 MPH) (infield hit)
Batting: RHB Eric Davis 0-0: Foul Ball, location: 2F
0-1: Ball
1-1: Ball
2-1: Foul Ball, location: 2F
2-2: Ball
3-2: Ground out 5-3 (Groundball, 5S, EV 76.3 MPH)
Alfredo Griffin to second
Batting: SHB Eddie Murray 0-0: Called Strike
0-1: Called Strike
0-2: Ball
1-2: Foul Ball, location: 2F
1-2: Fly out, F8 (Flyball, 8RD, EV 84.4 MPH)
Bottom of the 8th over - 0 runs, 1 hit, 0 errors, 1 left on base; Toronto 6 - Milwaukee 2
TOP OF THE 9TH
Toronto Blue Jays batting - Pitching for Milwaukee Brewers : RHP Carlos Martinez
Batting: RHB Chris Speier 0-0: Called Strike
0-1: Foul Ball, location: 2F
0-2: Foul Ball, location: 2F
0-2: DOUBLE (Flyball, 3D, EV 91.9 MPH)
Batting: LHB Brad Gulden 0-0: Ball
1-0: Called Strike
1-1: Swinging Strike
1-2: Fly out, F8 (Flyball, 78D, EV 95.0 MPH)
Batting: RHB Jose Carrillo 0-0: DOUBLE (Line Drive, 78M, EV 96.9 MPH)
Chris Speier scores
Batting: SHB Harold Reynolds 0-0: Ground out 4-3 (Groundball, 4S, EV 69.4 MPH)
Jose Carrillo to third
Batting: LHB Sheldon Mallory 0-0: Called Strike
0-1: Fly out, F3 (Line Drive, 3, EV 69.4 MPH)
Top of the 9th over - 1 run, 2 hits, 0 errors, 1 left on base; Toronto 7 - Milwaukee 2
BOTTOM OF THE 9TH
Milwaukee Brewers batting - Pitching for Toronto Blue Jays : RHP Storm Davis
Batting: RHB Mike Schmidt 0-0: Foul Ball, location: 2F
0-1: Ball
1-1: Ball
2-1: Foul Ball, location: 2F
2-2: Fly out, F9 (Flyball, 9, EV 79.4 MPH)
Batting: RHB Ken Landreaux 0-0: Called Strike
0-1: Fly out, F8 (Flyball, 89D, EV 108.1 MPH)
Batting: RHB Kevin Buckley 0-0: Ball
1-0: Foul Ball, location: 2F
1-1: Fly out, F9 (Flyball, 9LS, EV 86.3 MPH)
Bottom of the 9th over - 0 runs, 0 hits, 0 errors, 0 left on base; Toronto 7 - Milwaukee 2
Friday, August 21st, 2020 - OOTP Baseball 21.5 Build 76